 Dungeon Crawl Stone Soup version 0.31-a0-121-g1e386dd289 (console) character file.

Game seed: 8367175707421429322

105 Ignak the Ogre Mage (level 4, -7/41 HPs)
             Began as an Ogre Hedge Wizard on June 1, 2023.
             Mangled by a river rat (8 damage)
             ... on level 3 of the Dungeon.
             The game lasted 00:06:29 (2274 turns).

Ignak the Ogre Mage (Ogre Hedge Wizard)             Turns: 2274, Time: 00:06:29

Health: -7/41      AC:  3    Str: 14    XL:     4   Next: 83%
Magic:  1/10       EV:  9    Int: 17    God:
Gold:   170        SH:  0    Dex:  8    Spells: 0/11 levels left

rFire   . . .        j - staff of poison
rCold   . . .        i - orb {light}
rNeg    . . .        b - +0 robe
rPois   +            c - +0 hat
rElec   .            (no cloak)
rCorr   .            (gloves unavailable)
SInv    .            (boots unavailable)
Will    .....        (no amulet)
Stlth   +            (no ring)
HPRegen 0.26/turn    (no ring)
MPRegen 0.12/turn

%: no passive effects
@: wereblooded, glowing
A: large, unfitting armour, tough skin 1
a: no special abilities


You were on level 3 of the Dungeon.
You visited 1 branch of the dungeon, and saw 3 of its levels.

You collected 170 gold pieces.

Inventory:

Hand Weapons
 a - a +0 dagger
Missiles
 n - 4 poisoned darts (quivered)
Armour
 b - a +0 robe (worn)
 c - a +0 hat (worn)
 i - an orb of light (worn)
 t - an orb of energy
Magical Staves
 g - a staff of death
 j - a staff of poison (weapon)
 w - a staff of cold
Wands
 m - a wand of flame (16)
Scrolls
 e - a scroll of brand weapon {unknown}
 f - a scroll of teleportation
 l - a scroll of amnesia
 o - 2 scrolls of poison
 v - a scroll of enchant weapon {unknown}
Potions
 d - a potion of magic
 h - a potion of degeneration {unknown}
 k - a potion of cancellation {unknown}
 p - a potion of attraction {unknown}
 q - 3 potions of brilliance {unknown}
 r - a potion of curing {unknown}
 s - a potion of enlightenment {unknown}
 u - a potion of haste {unknown}


   Skills:
 + Level 1.5 Fighting
 + Level 2.2 Dodging
 - Level 1.4 Stealth
 - Level 1.0 Unarmed Combat
 + Level 4.1 Spellcasting
 + Level 1.4 Conjurations
 - Level 0.8 Summonings
 + Level 1.4 Translocations
 + Level 1.0 Transmutations
 * Level 1.4 Poison Magic


You couldn't memorise any spells.
You knew the following spells:

 Your Spells              Type           Power      Damage    Failure   Level
a - Magic Dart            Conj           32%        1d4       9%          1
b - Blink                 Tloc           16%        N/A       13%         2
d - Mephitic Cloud        Conj/Pois/Air  10%        N/A       30%         3
e - Call Imp              Summ           12%        N/A       17%         2
x - Wereblood             Tmut           6%         N/A       16%         2
z - Beastly Appendage     Tmut           12%        N/A       11%         1

Your spell library contained the following spells:

 Spells                   Type           Power      Damage    Failure   Level
 Slow                     Hex            12%        N/A       16%         1
 Cigotuvi's Dreadful Rot  Necr/Pois/Air  14%        N/A       19%         2
 Spider Form              Tmut/Pois      11%        N/A       28%         3
 Dazzling Flash           Conj/Hex       12%        N/A       34%         3
 Volatile Blastmotes      Fire/Tloc      10%        2d10      34%         3
 Iskenderun's Mystic Bla  Conj/Tloc      8%         2d4       65%         4
 Fulminant Prism          Conj/Hex       3%         3d5       75%         4
 Agony                    Necr           3%         N/A       99%         5
 Lee's Rapid Deconstruct  Erth           1%         3d4*      99%         5
 Silence                  Hex/Air        1%         N/A       99%         5


Dungeon Overview and Level Annotations

Branches:
Dungeon (3/15)

Altars:

Shops:
D:3 :

Portals:
Sewer: D:3


Innate Abilities, Weirdness & Mutations

You are too large for most types of armour.
You have tough skin. (AC +1)


Message History

Confirm with . or Enter, or press ? or * to list all spells.
You miscast Beastly Appendage.
Nothing appears to happen.
You hear the brisk rusting of a drain.
The river rat bites you.
You hit the river rat but do no damage. The river rat bites you.
You hit the river rat.
The river rat is moderately wounded.
The rat twitches its whiskers.
The river rat barely misses you.
Casting: Beastly Appendage (safe; 11% risk of failure)
Confirm with . or Enter, or press ? or * to list all spells.
You don't know that spell.
The river rat bites you.
Casting: Beastly Appendage (safe; 11% risk of failure)
Confirm with . or Enter, or press ? or * to list all spells.
A tiny devil pulls itself out of the air.
The river rat closely misses you.
You hit the river rat.
The river rat is almost dead.
The river rat bites you.
Your cerulean imp hits the river rat but does no damage.
You hit the river rat but do no damage.
The river rat is almost dead.
The river rat bites you.
Your cerulean imp hits the river rat but does no damage.
The river rat bites you.
* * * LOW HITPOINT WARNING * * *
You completely miss the river rat.
The river rat is almost dead.
Your cerulean imp hits the river rat but does no damage.
The river rat bites you.
* * * LOW HITPOINT WARNING * * *
You hit the river rat but do no damage.
The river rat is almost dead.
Your cerulean imp closely misses the river rat.
The river rat bites you!
* * * LOW HITPOINT WARNING * * *
Your magical contamination has completely faded away.
The river rat attacks as you move away! The river rat bites you!
You die...

#.##.##
#....)######.
####.........
.......######
#####.## #
#.# ### #.#
########
..###.#
###~#§~#~#
...##.#
#~@5##~#~#
.)....# ###
#r#~##~#~#
..##..#...
#S#~#~~#~#
......#.##
#r#~#~##~#
.....#...###
#r#~#~~~~#
.###........
#S#~#~#### .#
#.#...###
#∩#~~~~~~# ##
#.##.##
#.#########~#
#.# .#
#.#~~~~~~~~~#


You could see 2 adders, 2 river rats, a rat and a friendly cerulean imp
(summoned).

Vanquished Creatures
  3 adders
  3 worms (D:3)
  A dart slug (D:1)
  5 ball pythons
  6 bats
  4 endoplasms
  2 giant cockroaches
  2 hobgoblins (D:1)
  A quokka (D:2)
  7 frilled lizards
  7 goblins
  3 kobolds
  7 rats
51 creatures vanquished.

Vanquished Creatures (collateral kills)
  An adder (D:3)
  A worm (D:3)
  A ball python (D:2)
  An endoplasm (D:2)
  A bat (D:1)
  2 frilled lizards (D:1)
  2 rats
9 creatures vanquished.

Grand Total: 60 creatures vanquished

Notes
Turn   | Place    | Note
-------+----------+-------------------------------------------
     0 | D:1      | Ignak the Ogre Hedge Wizard began the quest for the Orb.
     0 | D:1      | Reached XP level 1. HP: 16/16 MP: 5/5
   394 | D:1      | Learned a level 1 spell: Beastly Appendage
   461 | D:1      | Reached skill level 1 in Conjurations
   463 | D:1      | Reached skill level 1 in Translocations
   470 | D:1      | Reached XP level 2. HP: 15/26 MP: 6/6
   641 | D:1      | Learned a level 2 spell: Blink
   644 | D:1      | Learned a level 2 spell: Wereblood
   647 | D:1      | Learned a level 2 spell: Call Imp
  1042 | D:2      | Reached skill level 1 in Fighting
  1042 | D:2      | Reached skill level 1 in Unarmed Combat
  1042 | D:2      | Reached XP level 3. HP: 29/33 MP: 5/8
  1526 | D:2      | Reached skill level 1 in Poison Magic
  1857 | D:2      | Reached skill level 4 in Spellcasting
  1873 | D:2      | Reached XP level 4. HP: 36/41 MP: 10/10
  1927 | D:3      | Found Zithat's Book Shop.
  1957 | D:3      | Found a faded altar of an unknown god.
  1994 | D:3      | Learned a level 3 spell: Mephitic Cloud
  1997 | D:3      | Learned a level 2 spell: Call Imp
  2247 | D:3      | Reached skill level 1 in Transmutations
  2258 | D:3      | Found a glowing drain.
  2273 | D:3      | HP: 1/41 [river rat (7)]
  2274 | D:3      | Mangled by a river rat

Illustrated notes

Levels and vault maps discovered:
D:1:      lightli_arrival_noodles, layout_basic, st_stairs_8
D:2:      layout_basic, supply_closet_lemuel, nrook_mini_backslash,
          wander_ebering_terrifying_dragon_lair
D:3:      layout_loops_ring, hellmonk_ecumenical_altar_run_dry, serial_shops,
          shop_fountains, lightli_sewer_entry_pipes

Skill      XL: |  1  2  3  4 |
---------------+-------------+-----
Conjurations   | 1 |  1.4
Translocations | 1 |  1.4
Fighting       | 1 |  1.5
Unarmed Combat | 1 |  1.0
Dodging        | 2 |  2.2
Poison Magic   | 1 |  1.4
Spellcasting   | 4 |  4.1
Transmutations | 1 |  1.0
Stealth        | |  1.4
Summonings     | |  0.8

Action                     |  1- 3 |  4- 6 || total
---------------------------+-------+-------++-------
  Melee: Dagger            |    21 |       ||    21
         Staff             |   111 |    57 ||   168
         Kick              |     2 |     6 ||     8
         Headbutt          |     1 |     7 ||     8
   Cast: Magic Dart        |     1 |       ||     1
         Call Imp          |     6 |     4 ||    10
         Beastly Appendage |     5 |     5 ||    10
         Wereblood         |     1 |     3 ||     4
    Use: Scroll            |       |     3 ||     3
 Armour: Robe              |    54 |     9 ||    63
  Dodge: Dodged            |    73 |    28 ||   101

Table legend: (Time is in decaauts)
 A = Elapsed time spent in this place.
 B = Non-inter-level travel time spent in this place.
 C = Inter-level travel time spent in this place.
 D = Time resting spent in this place.
 E = Time spent auto-exploring this place.
 F = Levels seen in this place.
 G = Mean time per level.
                   A        B        C        D        E       F      G
               +--------+--------+--------+--------+--------+-----+--------+
         Total |   2306 |   2298 |      8 |    429 |    985 |   3 |  768.7 |
       Dungeon |   2306 |   2298 |      8 |    429 |    985 |   3 |  768.7 |
               +--------+--------+--------+--------+--------+-----+--------+

Top non-repeatable levels by time:
     D:1: 1020 daAuts
     D:2: 923 daAuts
     D:3: 363 daAuts
